 Dungeon Sprint DCSS version 0.13-a0-2995-g9a84c3d (webtiles) character file.

8000000 Misa the Conqueror (level 24, -28/246 HPs)
             Began as a Centaur Monk on Sept 8, 2013.
             Was the Champion of Makhleb.
             Annihilated by a meat berserker
             ... wielding a +9,+9 battleaxe
              (57 damage)
             ... in the Dungeon (Sprint VIII: "Arena of Blood").
             The game lasted 00:05:49 (80 turns).

Misa the Conqueror (Centaur Monk)                     Turns: 80, Time: 00:05:49

HP -28/246       AC  6     Str 14      XL: 24   Next: 71%
MP  21/47        EV 36     Int  9      God: Makhleb [******]
Gold 0           SH  0     Dex 24      Spells:  0 memorised, 77 levels left

Res.Fire  : . . .   See Invis. : .   i - +∞ Axe of Woe
Res.Cold  : . . .   Warding    : .   a - +0 robe
Life Prot.: . . .   Conserve   : .   (no shield)
Res.Poison: .       Res.Corr.  : .   (no helmet)
Res.Elec. : .       Clarity    : .   (no cloak)
Sust.Abil.: . .     Spirit.Shd : .   (no gloves)
Res.Mut.  : .       Prev.Telep.: +   (no barding)
Res.Rott. : .       Flight     : .   (no amulet)
Saprovore : . . .                    (no ring)
                                     (no ring)

@: very quick, quite resistant to hostile enchantments, extremely stealthy
A: hooves 3, deformed body, herbivore 1, speed 2, fast metabolism 1, tough skin
3
a: Minor Destruction, Lesser Servant of Makhleb, Major Destruction, Greater
Servant of Makhleb, Renounce Religion


You were in the Dungeon.
You worshipped Makhleb.
Makhleb was exalted by your worship.
You were not hungry.

You visited 1 branch

Inventory:

Hand weapons
 i - the +∞,+∞ Axe of Woe (weapon)
   (You found it in the Dungeon)
Armour
 a - a +0 robe (worn)
Comestibles
 b - 2 bread rations
Jewellery
 j - a +27000,+30 ring of slaying
Potions
 c - a potion of curing
 d - a potion of heal wounds
 e - a potion of speed
 f - 2 potions of magic
 g - a potion of berserk rage


   Skills:
 O Level 27 Fighting
 O Level 27 Axes
 O Level 27 Throwing
 O Level 27 Armour
 O Level 27 Dodging
 O Level 27 Stealth
 O Level 27 Unarmed Combat
 O Level 27 Spellcasting
 O Level 27 Invocations


You had 77 spell levels left.
You didn't know any spells.

Dungeon Overview and Level Annotations

Branches:
Dungeon (1/1)

Altars:
Makhleb


Innate Abilities, Weirdness & Mutations

You have hooves in place of feet.
Armour fits poorly on your strangely shaped body.
You digest meat inefficiently.
You cover ground very quickly.
You have a fast metabolism.
You have extremely tough skin (AC +3).


Message History

The hellfire explodes!
The burst of hellfire engulfs you!
The burst of hellfire engulfs the meat berserker.
You hear a shout!
The meat berserker hits you with a +9,+9 battleaxe!
* * * LOW HITPOINT WARNING * * *
The eight-headed meat hydra appears out of thin air!
An eight-headed meat hydra comes into view.
You hear a shout!
The tyrant casts a spell.
You hear a shout!
You cleave the large abomination in twain.
You destroy the large abomination!
You hear a shout!
The dread throws hellfire at you.
The hellfire explodes!
The burst of hellfire engulfs you!
Your scroll of blinking catches fire!
* * * LOW HITPOINT WARNING * * *
The burst of hellfire engulfs the meat berserker.
The meat berserker hits you with a +9,+9 battleaxe!
You die...

#... #.... ..#
.....###D.. ..###.
......%....###......
...#........_......
.#.......#.....#
..........#_.<._#
#.W.X.).#...%.#..
....#XX)))).._......
....XXX)@O..###......
%..XXLX###.......###.
%.XXX. #.......#
...X.. #.......#
....o ..o...... .#..
....... . ...... ...


You could see 4 tentacled monstrosities, a tyrant, an eight-headed meat hydra, 9
large abominations, a dread and a meat berserker (berserk).

Vanquished Creatures
  2 greater mummies (D)
  4 hell beasts (D)
  4 hill giants (D)
  4 liches (D)
  20 ogres (D)
  33 orcs (D)
  2 skeletal warriors (D)
  8 vampire knights (D)
  19 large abominations (D)
  7 tentacled monstrosities (D)
  2 small abominations (D)
  A crawling corpse (D)
106 creatures vanquished.

Vanquished Creatures (others)
  An Executioner (D)
1 creature vanquished.

Grand Total: 107 creatures vanquished

Notes
Turn   | Place    | Note
--------------------------------------------------------------
     0 | D        | Misa, the Centaur Monk, began the quest for the Orb.
     0 | D        | Reached XP level 1. HP: 17/17 MP: 0/0
     4 | D        | Became a worshipper of Makhleb the Destroyer
     4 | D        | Acquired Makhleb's first power
     4 | D        | Acquired Makhleb's second power
     5 | D        | Noticed a meat berserker
     6 | D        | Noticed a bag of meat
     7 | D        | Noticed a bag of meat
     8 | D        | Noticed a bag of meat
     8 | D        | Killed a bag of meat
     8 | D        | Reached skill level 16 in Fighting
     8 | D        | Reached XP level 2. HP: 25/28 MP: 1/1
     8 | D        | Reached XP level 3. HP: 32/36 MP: 2/2
     8 | D        | Reached XP level 4. HP: 40/45 MP: 2/2
     8 | D        | Reached XP level 5. HP: 46/52 MP: 3/3
     8 | D        | Reached XP level 6. HP: 53/61 MP: 4/4
     8 | D        | Reached XP level 7. HP: 59/69 MP: 4/4
     8 | D        | Reached XP level 8. HP: 66/78 MP: 5/5
     8 | D        | Reached XP level 9. HP: 71/85 MP: 6/6
     8 | D        | Reached XP level 10. HP: 78/94 MP: 6/6
     8 | D        | Reached XP level 11. HP: 84/102 MP: 7/7
     9 | D        | Killed a meat berserker
     9 | D        | Reached skill level 18 in Fighting
     9 | D        | Reached XP level 12. HP: 110/114 MP: 8/8
    10 | D        | Noticed a bag of meat
    10 | D        | Noticed a meat berserker
    12 | D        | Noticed a meat berserker
    12 | D        | Noticed a bag of meat
    12 | D        | Noticed a bag of meat
    13 | D        | Killed a bag of meat
    13 | D        | Reached skill level 19 in Fighting
    13 | D        | Reached skill level 15 in Dodging
    13 | D        | Reached XP level 13. HP: 118/124 MP: 8/8
    14 | D        | Noticed a meat berserker
    15 | D        | Noticed a bag of meat
    15 | D        | Killed a bag of meat
    15 | D        | Acquired Makhleb's third power
    15 | D        | Reached skill level 20 in Fighting
    16 | D        | Noticed a bag of meat
    16 | D        | Noticed a bag of meat
    16 | D        | Noticed a meat berserker
    16 | D        | Killed a meat berserker
    16 | D        | Reached skill level 21 in Fighting
    16 | D        | Reached XP level 14. HP: 107/137 MP: 9/9
    17 | D        | Noticed a meat berserker
    17 | D        | Noticed a bag of meat
    17 | D        | Killed a meat berserker
    17 | D        | Reached skill level 22 in Fighting
    17 | D        | Killed a meat berserker
    17 | D        | Acquired Makhleb's fourth power
    17 | D        | Reached skill level 23 in Fighting
    17 | D        | Reached XP level 15. HP: 145/149 MP: 10/10
    18 | D        | Noticed a bag of meat
    18 | D        | Killed a meat berserker
    18 | D        | Reached skill level 24 in Fighting
    19 | D        | Noticed a bag of meat
    19 | D        | Noticed a bag of meat
    19 | D        | Killed a bag of meat
    19 | D        | Killed a bag of meat
    19 | D        | Reached skill level 25 in Fighting
    20 | D        | Noticed a bag of meat
    20 | D        | Noticed a meat berserker
    20 | D        | Killed a bag of meat
    20 | D        | Acquired Makhleb's fifth power
    20 | D        | Reached skill level 26 in Fighting
    20 | D        | Reached XP level 16. HP: 119/166 MP: 10/10
    21 | D        | Noticed a large bag of meat
    21 | D        | Noticed a bag of meat
    21 | D        | Killed a bag of meat
    22 | D        | Noticed a bag of meat
    22 | D        | Killed a meat berserker
    22 | D        | Reached skill level 27 in Fighting
    22 | D        | Killed a bag of meat
    23 | D        | Noticed a bag of meat
    23 | D        | Noticed a bag of meat
    23 | D        | Noticed a meat berserker
    23 | D        | Killed a bag of meat
    23 | D        | Reached skill level 27 in Axes
    23 | D        | Reached XP level 17. HP: 177/177 MP: 11/11
    24 | D        | Noticed a bag of meat
    24 | D        | Killed a bag of meat
    24 | D        | Killed a bag of meat
    25 | D        | Noticed a destroyer
    25 | D        | Noticed a destroyer
    25 | D        | Noticed a bag of meat
    25 | D        | Killed a bag of meat
    25 | D        | Reached skill level 27 in Dodging
    25 | D        | Killed a meat berserker
    26 | D        | Noticed a bag of meat
    27 | D        | Noticed a meat berserker
    27 | D        | Noticed a bag of meat
    27 | D        | Noticed a bag of meat
    27 | D        | Killed a destroyer
    27 | D        | Reached skill level 15 in Armour
    27 | D        | Reached XP level 18. HP: 187/187 MP: 12/12
    27 | D        | Killed a bag of meat
    28 | D        | Noticed a bag of meat
    28 | D        | Noticed a bag of meat
    28 | D        | Killed a large bag of meat
    29 | D        | Noticed a bag of meat
    29 | D        | Noticed a bag of meat
    29 | D        | Killed a meat berserker
    30 | D        | Noticed a large bag of meat
    30 | D        | Noticed a large bag of meat
    30 | D        | Noticed a large bag of meat
    30 | D        | Killed a bag of meat
    30 | D        | Killed a bag of meat
    31 | D        | Killed a bag of meat
    31 | D        | Reached XP level 19. HP: 196/196 MP: 12/12
    32 | D        | Killed a meat berserker
    33 | D        | Noticed a bag of meat
    33 | D        | Killed a large bag of meat
    33 | D        | Reached skill level 27 in Armour
    33 | D        | Killed a bag of meat
    33 | D        | Reached skill level 5 in Stealth
    34 | D        | Killed a bag of meat
    34 | D        | Reached skill level 10 in Unarmed Combat
    34 | D        | Reached skill level 10 in Invocations
    34 | D        | Killed a bag of meat
    34 | D        | Killed a bag of meat
    34 | D        | Reached skill level 15 in Throwing
    35 | D        | Killed a bag of meat
    35 | D        | Reached XP level 20. HP: 202/206 MP: 12/34
    36 | D        | Noticed a destroyer
    37 | D        | Noticed a bag of meat
    37 | D        | Killed a bag of meat
    37 | D        | Reached skill level 15 in Unarmed Combat
    37 | D        | Reached skill level 15 in Invocations
    37 | D        | Killed a bag of meat
    37 | D        | Killed a bag of meat
    38 | D        | Killed a bag of meat
    39 | D        | Killed a bag of meat
    39 | D        | Reached skill level 15 in Stealth
    39 | D        | Killed a destroyer
    39 | D        | Killed a large bag of meat
    40 | D        | Noticed a meat berserker
    40 | D        | Killed a large bag of meat
    40 | D        | Reached XP level 21. HP: 215/215 MP: 13/39
    40 | D        | Killed a bag of meat
    41 | D        | Killed a bag of meat
    41 | D        | Reached skill level 27 in Throwing
    42 | D        | Noticed a destroyer
    43 | D        | Noticed a destroyer
    44 | D        | Noticed a bag of meat
    44 | D        | Noticed a destroyer
    44 | D        | Noticed a sculptor of flesh
    45 | D        | Noticed a meat berserker
    45 | D        | Noticed a destroyer
    45 | D        | Killed a meat berserker
    46 | D        | Noticed a sculptor of flesh
    46 | D        | Killed a bag of meat
    47 | D        | Killed a destroyer
    49 | D        | Noticed a destroyer
    49 | D        | Killed a meat berserker
    50 | D        | Noticed an accursed
    50 | D        | Reached skill level 27 in Invocations
    50 | D        | Killed a destroyer
    50 | D        | Killed a destroyer
    50 | D        | Reached skill level 27 in Unarmed Combat
    50 | D        | Reached XP level 22. HP: 213/226 MP: 15/41
    51 | D        | Noticed a tyrant
    51 | D        | Killed a destroyer
    52 | D        | Noticed a meat berserker
    52 | D        | Killed a sculptor of flesh
    53 | D        | Noticed a meat berserker
    54 | D        | Killed a destroyer
    54 | D        | Killed a bag of meat
    54 | D        | Reached skill level 27 in Stealth
    55 | D        | Noticed a tyrant
    55 | D        | Killed a destroyer
    56 | D        | Noticed a meat berserker
    56 | D        | Killed a sculptor of flesh
    57 | D        | Noticed a tyrant
    57 | D        | Noticed an accursed
    57 | D        | Killed a meat berserker
    58 | D        | Noticed a bag of meat
    58 | D        | Killed a meat berserker
    59 | D        | Killed a tyrant
    59 | D        | Reached XP level 23. HP: 198/235 MP: 17/44
    59 | D        | Killed a tyrant
    59 | D        | Killed an accursed
    60 | D        | Noticed a bag of meat
    60 | D        | Noticed a bag of meat
    60 | D        | Noticed a meat berserker
    60 | D        | Noticed a tyrant
    61 | D        | Noticed a bag of meat
    61 | D        | Killed a meat berserker
    62 | D        | Killed a meat berserker
    63 | D        | Noticed a meat berserker
    63 | D        | Killed a tyrant
    63 | D        | Reached skill level 27 in Spellcasting
    64 | D        | Noticed a meat berserker
    64 | D        | Killed an accursed
    65 | D        | Killed a bag of meat
    66 | D        | Noticed a dread
    66 | D        | Noticed a meat beast
    66 | D        | Killed a bag of meat
    67 | D        | Noticed a meat berserker
    67 | D        | Noticed a meat beast
    68 | D        | Noticed a meat berserker
    68 | D        | Killed a bag of meat
    69 | D        | Noticed a tyrant
    69 | D        | Killed a meat berserker
    69 | D        | Reached XP level 24. HP: 246/246 MP: 19/47
    69 | D        | Killed a meat berserker
    70 | D        | Killed a meat berserker
    71 | D        | Noticed a meat berserker
    72 | D        | Noticed a meat beast
    72 | D        | Noticed a meat berserker
    72 | D        | Killed a meat beast
    72 | D        | Killed a meat beast
    72 | D        | Killed a meat berserker
    74 | D        | Noticed a meat beast
    74 | D        | Noticed a meat berserker
    74 | D        | Killed a meat beast
    76 | D        | HP: 11/246 [meat beast (5)]
    77 | D        | Noticed a meat berserker
    77 | D        | Killed a tyrant
    77 | D        | Killed a meat beast
    78 | D        | Killed a meat berserker
    80 | D        | Noticed an eight-headed meat hydra
    80 | D        | Annihilated by a meat berserker

Action                   |  1- 3 |  4- 6 |  7- 9 | 10-12 | 13-15 | 16-18 | 19-21 | 22-24 || total
-------------------------+-------+-------+-------+-------+-------+-------+-------+-------++-------
Melee: Executioner's axe |     1 |       |       |     2 |     6 |    10 |    15 |    28 ||    62
Invok: Greater Servant o |       |       |       |       |       |       |     1 |       ||     1
